 Dungeon Crawl Stone Soup version 0.29-a0-275-g389c0b56f3 (webtiles) character file.

Game seed: 6693761500248619319

100 siradein the Bolt Thrower (level 4, -4/27 HPs)
             Began as a Tengu Hunter on Mar 9, 2022.
             Killed from afar by Blork the orc (7 damage)
             ... with a magic dart
             ... on level 4 of the Dungeon.
             The game lasted 00:04:05 (2509 turns).

siradein the Bolt Thrower (Tengu Hunter)            Turns: 2509, Time: 00:04:05

Health: -4/27      AC:  4    Str: 13    XL:     4   Next: 74%
Magic:  5/5        EV: 12    Int: 11    God:
Gold:   212        SH:  0    Dex: 16    Spells: 3/3 levels left

rFire   . . .      SeeInvis .   a - +1 hand crossbow
rCold   . . .      Faith    .   (no shield)
rNeg    . . .      Spirit   .   f - +1 leather armour {rPois}
rPois   +          Reflect  .   (helmet restricted)
rElec   .          Harm     .   (no cloak)
rCorr   .          Rampage  .   (no gloves)
Will    .....                   (boots unavailable)
Stlth   ++........              (no amulet)
HPRegen 0.09/turn               (no ring)
MPRegen 0.09/turn               (no ring)

@: no status effects
A: beak, talons 3
a: no special abilities


You were on level 4 of the Dungeon.
You visited 1 branch of the dungeon, and saw 4 of its levels.

You collected 212 gold pieces.

Inventory:

Hand Weapons
 a - a +1 hand crossbow (weapon)
Armour
 f - a +1 leather armour of poison resistance (worn)
Scrolls
 c - a scroll of immolation
 i - 2 scrolls of identify {unknown}
 j - a scroll of magic mapping {unknown}
 l - a scroll of fog {unknown}
 n - 2 scrolls of teleportation {unknown}
 o - a scroll of torment {unknown}
Potions
 b - a potion of cancellation {unknown}
 d - 2 potions of flight {unknown}
 e - a potion of degeneration {unknown}
 g - a potion of heal wounds {unknown}
 h - 2 potions of mutation {unknown}
 k - a potion of brilliance {unknown}
 m - a potion of haste {unknown}


   Skills:
 + Level 2.7 Fighting
 + Level 4.9 Crossbows
 + Level 1.6 Armour
 + Level 3.0 Dodging
 + Level 2.3 Stealth


You had 3 spell levels left.
You didn't know any spells.
Your spell library contained the following spells:

 Spells                   Type           Power      Damage    Failure   Level
 Inner Flame              Hex/Fire       0%         N/A       80%         3
 Cause Fear               Hex            0%         N/A       99%         4
 Discord                  Hex            0%         N/A       100%        8


Dungeon Overview and Level Annotations

Branches:
Dungeon (4/15)
 Temple: D:4-7

Altars:

Annotations:
D:4 Blork the orc


Innate Abilities, Weirdness & Mutations

You have a beak for a mouth.
You have claws for feet.


Message History

You shoot a bolt. The bolt closely misses Blork the orc.
You shoot a bolt. The bolt barely misses Blork the orc.
Blork the orc barely misses you.
You shoot a bolt. The bolt hits Blork the orc.
Blork the orc is lightly wounded.
Blork the orc hits you with a +0 hand axe.
You shoot a bolt. The bolt hits Blork the orc!
Blork the orc is heavily wounded.
Blork the orc casts a spell at you. The puff of frost misses you.
You shoot a bolt.
The bolt hits Blork the orc but does no damage.
Blork the orc is heavily wounded.
Blork the orc hits you with a +0 hand axe.
Blork the orc casts a spell at you. The magic dart hits you.
You shoot a bolt.
The bolt hits Blork the orc but does no damage.
Blork the orc is heavily wounded.
Blork the orc hits you with a +0 hand axe!
* * * LOW HITPOINT WARNING * * *
You are too injured to fight recklessly!
You are too injured to fight recklessly!
You are too injured to fight recklessly!
You are too injured to fight recklessly!
Shoot: a) +1 hand crossbow
Press: ? - help, Q - select action Shift-Dir - straight line, f/p - Blork the orc
Aim: Blork the orc, wielding a +0 hand axe and wearing a +0 robe (heavily wounded, 69% to hit)
You shoot a bolt. The bolt hits Blork the orc.
Blork the orc is heavily wounded.
Blork the orc hits you with a +0 hand axe.
* * * LOW HITPOINT WARNING * * *
Shoot: a) +1 hand crossbow
Press: ? - help, Q - select action Shift-Dir - straight line, f/p - Blork the orc
Aim: Blork the orc, wielding a +0 hand axe and wearing a +0 robe (heavily wounded, 69% to hit)
You shoot a bolt. The bolt hits Blork the orc!
Blork the orc is severely wounded.
Blork the orc casts a spell at you. The magic dart hits you!
You die...

.......####..#.....#
.......###[.#≈≈≈...#####
..).....##.....≈≈≈≈≈≈...
............##..≈..≈≈≈≈#
...........[...(.....≈≈≈
.........'#########...≈.
........##≈≈≈≈# #.....
.>.......#≈...# ######
.......@.#≈...#
.......o##≈...#
........# ≈...#
........# ####+
........# .........
...?...#. ##..... #


You could see Blork the orc.

Vanquished Creatures
  2 adders (D:3)
  2 worms (D:3)
  3 dart slugs (D:1)
  3 orcs (D:3)
  5 ball pythons
  11 endoplasms
  2 giant cockroaches
  4 goblins
  6 hobgoblins
  2 jackals (D:4)
  7 kobolds
  3 quokkas
  5 bats
  4 frilled lizards
  3 rats
62 creatures vanquished.

Notes
Turn   | Place    | Note
-------+----------+-------------------------------------------
     0 | D:1      | siradein the Tengu Hunter began the quest for the Orb.
     0 | D:1      | Reached XP level 1. HP: 12/12 MP: 2/2
    81 | D:1      | Reached XP level 2. HP: 17/17 MP: 3/3
    88 | D:1      | Found a faded altar of an unknown god.
   505 | D:1      | Reached XP level 3. HP: 22/22 MP: 4/4
  1080 | D:2      | Reached skill level 1 in Armour
  1699 | D:3      | Reached XP level 4. HP: 27/27 MP: 5/5
  2499 | D:4      | Noticed Blork the orc
  2509 | D:4      | Killed from afar by Blork the orc

Illustrated notes

Levels and vault maps discovered:
D:1:      amcnicky_arrival_choice, layout_basic, basic_ecumenical_altar,
          chequers_serial_rivers_small_a
D:2:      layout_rooms, grunt_ministairs_8, kennysheep_crisscross
D:3:      layout_basic, grunt_ministairs_4, glass_columns_b, kennysheep_donut,
          chequers_serial_rivers_room_a
D:4:      layout_rooms, mainiacjoe_overflow_cross_hatched, serial_rivers,
          chequers_serial_rivers_large_b, chequers_serial_rivers_small_a,
          chequers_serial_rivers_room_a, chequers_serial_rivers_room_a,
          chequers_serial_rivers_marsh, chequers_serial_rivers_small_b,
          nicolae_shop_fire_sale [nicolae_sub_dead_trees], uniq_edmund,
          uniq_blork_the_orc, uniq_ijyb, uniq_pikel

Skill      XL: |  1  2  3  4 |
---------------+-------------+-----
Armour         | 1 |  1.6
Stealth        | 2 |  2.3
Dodging        | 3 |  3.0
Fighting       | |  2.7
Crossbows      | |  4.9

Action                   |  1- 3 |  4- 6 || total
-------------------------+-------+-------++-------
 Fire: Hand crossbow     |    95 |    59 ||   154
Armor: Leather armour    |     8 |     2 ||    10
Dodge: Dodged            |    21 |    17 ||    38

Table legend: (Time is in decaauts)
 A = Elapsed time spent in this place.
 B = Non-inter-level travel time spent in this place.
 C = Inter-level travel time spent in this place.
 D = Time resting spent in this place.
 E = Time spent auto-exploring this place.
 F = Levels seen in this place.
 G = Mean time per level.
                   A        B        C        D        E       F      G
               +--------+--------+--------+--------+--------+-----+--------+
         Total |   2558 |   2503 |     55 |      0 |   2168 |   4 |  639.5 |
       Dungeon |   2558 |   2503 |     55 |      0 |   2168 |   4 |  639.5 |
               +--------+--------+--------+--------+--------+-----+--------+

Top non-repeatable levels by time:
     D:1: 1096 daAuts
     D:3: 811 daAuts
     D:2: 550 daAuts
     D:4: 99 daAuts
